 Dungeon Crawl Stone Soup version 0.31.0-9-g3a7656b989 (webtiles) character file.

Game seed: 18167144872908688269

3511 Gumption the Grappler (level 9, -4/71 HPs)
             Began as a Demonspawn Shapeshifter on Jan 29, 2024.
             Was a Believer of Uskayaw.
             Slain by a centaur warrior skeleton (6 damage)
             ... on level 8 of the Dungeon on Jan 31, 2024.
             The game lasted 00:42:41 (6793 turns).

Gumption the Grappler (Demonspawn Shapeshifter)     Turns: 6793, Time: 00:42:42

Health: -4/71      AC: 15    Str: 24    XL:     9   Next: 81%
Magic:  12/12      EV:  7    Int: 11    God:    Uskayaw [**....]
Gold:   396        SH:  4    Dex: 13    Spells: 8/8 levels left

rFire   . .          .
                       - Unarmed
rCold   . . .        (no shield)
rNeg    . . .        I - +0 plate armour
rPois   .            (helmet currently unavailable)
rElec   .            (cloak currently unavailable)
rCorr   .            (gloves currently unavailable)
SInv    .            (boots currently unavailable)
Will    .....        (no amulet) Stlth
                     J - +6 ring of strength
HPRegen 0.31/turn    (no ring)
MPRegen 0.13/turn

%: no passive effects
@: about to teleport, beast-form
A: beast (slay +4), rugged brown scales 1, demonic guardian 1, icemail 1,
condensation shield
a: Begin Untransformation, Renounce Religion, Stomp, Line Pass


You were on level 8 of the Dungeon.
You worshipped Uskayaw.
Uskayaw was noncommittal.
You were a hulking beast.
You visited 2 branches of the dungeon, and saw 9 of its levels.

You collected 396 gold pieces.

Inventory:

Missiles
 e - 2 throwing nets
 g - 11 poisoned darts (quivered)
 n - 4 boomerangs
 x - 6 silver javelins
Armour
 s - a +0 cloak
 u - a +0 pair of boots
 y - a scarf of invisibility
 A - a +0 helmet
 I - a +0 plate armour (worn)
Jewellery
 B - a ring of fire
 J - a +6 ring of strength (left hand)
 K - a +5 ring of evasion
Talismans
 c - a beast talisman
 d - a flux talisman
 C - a blade talisman
Wands
 l - a wand of charming (19)
Scrolls
 a - 2 scrolls of immolation
 i - a scroll of poison
 j - a scroll of revelation
 k - a scroll of fog
 m - a scroll of noise {unknown}
 p - a scroll of torment {unknown}
 q - a scroll of blinking
 t - 2 scrolls of enchant armour
 w - 2 scrolls of vulnerability
 E - a scroll of butterflies {unknown}
 H - a scroll of identify
Potions
 b - a potion of lignification
 f - a potion of curing {unknown}
 h - 2 potions of attraction
 r - 2 potions of resistance
 v - 2 potions of mutation {unknown}
 D - 2 potions of magic {unknown}
 F - a potion of invisibility {unknown}
 G - a potion of heal wounds {unknown}


   Skills:
 + Level 5.9 Fighting
 - Level 1.7 Dodging
 * Level 8.3 Unarmed Combat
 + Level 5.0 Invocations
 * Level 7.7 Shapeshifting


You had 8 spell levels left.
You didn't know any spells.
Your spell library contained the following spells:

 Spells                   Type           Power      Damage    Failure   Level
 Apportation              Tloc           0%         N/A       100%        1
 Jinxbite                 Hex            0%         N/A       100%        2
 Lesser Beckoning         Tloc           0%         N/A       100%        2
 Gell's Gravitas          Tloc           0%         N/A       100%        3
 Teleport Other           Tloc           0%         N/A       100%        3
 Tukima's Dance           Hex            0%         N/A       100%        3
 Dimensional Bullseye     Hex/Tloc       0%         N/A       100%        4
 Iskenderun's Mystic Bla  Conj/Tloc      0%         2d3       100%        4
 Alistair's Intoxication  Alch           0%         N/A       100%        5


Dungeon Overview and Level Annotations

Branches:
Dungeon (8/15)             Temple (1/1) D:6
   Lair: D:8-11

Altars:
Ashenzari
Dithmenos
Fedhas
Gozag
Hepliaklqana
Nemelex Xobeh
Okawaru
Qazlal
Ru
Sif Muna
Trog
Uskayaw
Vehumet
Wu Jian
Xom
Yredelemnul

Portals:
Abyss: D:3

Annotations:
D:3 2 transporters, tish's ghost, amateur DrHu


Innate Abilities, Weirdness & Mutations

You are a hulking beast.
Your limbs bulge with bestial killing power. (Slay +4)
You are partially covered in rugged brown scales. (AC +1, +3% HP)
A weak demonic guardian rushes to your aid.
A meltable icy envelope protects you from harm. (AC +4)
A meltable shield of frost defends you. (SH +4)


Message History

The hellwing is heavily wounded.
The centaur warrior skeleton hits you.
The centaur warrior skeleton kicks you but does no damage.
You closely miss the hellwing.
The hellwing is heavily wounded.
The centaur warrior skeleton hits you but does no damage.
The centaur warrior skeleton kicks you but does no damage.
The hellwing hits you! The hellwing hits you.
A centaur comes into view.
The centaur shouts!
You hit the hellwing but do no damage.
The hellwing is heavily wounded.
You block the centaur warrior skeleton's attack.
The centaur warrior skeleton kicks you but does no damage.
A howler monkey comes into view.
The centaur wields a +0 orcbow.
The centaur shoots an arrow.
The arrow hits you.
* * * LOW HITPOINT WARNING * * *
The hellwing hits you.
* * * LOW HITPOINT WARNING * * *
The hellwing misses you.
Okay, then.
As you read the scroll of teleportation, it crumbles to dust.
You feel strangely unstable. The centaur warrior skeleton hits you!
* * * LOW HITPOINT WARNING * * *
A demonic guardian appears!
The centaur warrior skeleton kicks you but does no damage.
The howler monkey hoots and howls with incredible vigour!
The hellwing hits you.
* * * LOW HITPOINT WARNING * * *
The hellwing hits you.
* * * LOW HITPOINT WARNING * * *
The centaur warrior skeleton hits you but does no damage.
The centaur warrior skeleton kicks you.
* * * LOW HITPOINT WARNING * * *
You hear a shout! x2
You punch the hellwing!
The hellwing is severely wounded.
The centaur warrior skeleton hits you.
You die...

............................. .
............................. ..
......##..................... #..
.......#..h...c....##............
..##..##..##.......##......##....
..#........#?......#............#
...........)....#..#....##..#..##
.....>..........#....#..#.......#
..#........#....h...#.......##..#
..#........#...Z4...##.##...## #
..............5........##....# ##
.#......................##...###.
###........#......##.##..........
####..##..##.......#.#...........
#...........#....#.....#.........
#.........###....##...##[#.......
.......#.## ###....._...)##..##..


You could see a hellwing, a centaur, a howler monkey (catching breath), a
centaur warrior skeleton (ally target) and a friendly ufetubus (summoned).

Vanquished Creatures
  A cyclops (D:7)
  A centaur skeleton (D:8)
  A steam dragon (D:7)
  The ghost of bimbombam the Insei, an amateur OpSh of Ashenzari (D:5)
  2 black bears
  3 ice beasts (D:7)
  An orc warrior (D:8)
  A sky beast (D:7)
  An ogre (D:7)
  A centaur (D:6)
  A kobold brigand (D:7)
  2 bullfrogs
  5 scorpions
  4 wights (D:8)
  4 killer bees (D:6)
  2 howler monkeys
  An orc priest (D:8)
  A water moccasin simulacrum (D:5)
  2 hounds
  A bombardier beetle (D:7)
  4 jellies
  6 iguanas
  A boggart zombie (D:8)
  A sleepcap (D:6)
  A scorpion simulacrum (D:5)
  10 adders
  2 hound simulacra (D:5)
  2 shadow imps
  4 white imps
  An ufetubus (D:5)
  A ribbon worm (D:2)
  3 dart slugs
  13 orcs
  7 endoplasms
  A giant cockroach (D:1)
  5 goblins
  10 hobgoblins
  7 quokkas
  7 ball pythons
  6 bats
  4 frilled lizards
  10 kobolds
  14 rats
156 creatures vanquished.

Vanquished Creatures (collateral kills)
  A centaur (D:7)
  A white imp (D:5)
2 creatures vanquished.

Grand Total: 158 creatures vanquished

Notes
Turn   | Place    | Note
-------+----------+-------------------------------------------
     0 | D:1      | Gumption the Demonspawn Shapeshifter began the quest for
                  | the Orb.
     0 | D:1      | Reached XP level 1. HP: 15/15 MP: 1/1
    55 | D:1      | Gained mutation: A meltable shield of frost defends you.
                  | (SH +4) [demonic ancestry]
    55 | D:1      | Reached XP level 2. HP: 16/21 MP: 2/2
   119 | D:1      | Reached skill level 3 in Unarmed Combat
   373 | D:1      | Gained mutation: You are partially covered in rugged brown
                  | scales. (AC +1, +3% HP) [demonic ancestry]
   373 | D:1      | Reached XP level 3. HP: 20/26 MP: 3/3
   721 | D:2      | You fall into a shaft and drop 2 floors!
  1030 | D:2      | Reached XP level 4. HP: 33/33 MP: 4/4
  1468 | D:3      | Found a one-way gate to the infinite horrors of the Abyss.
  1468 | D:3      | Noticed tish's ghost (amateur DrHu)
  1487 | D:3      | Found a transporter.
  1521 | D:3      | Found a faded altar of an unknown god.
  1523 | D:3      | Found a transporter.
  1551 | D:3      | Noticed a small abomination
  1742 | D:3      | Found a bloodstained altar of Trog.
  1986 | D:4      | Noticed a black bear
  1990 | D:4      | Found a sacrificial altar of Ru.
  2010 | D:4      | Killed a black bear
  2011 | D:4      | Reached skill level 4 in Unarmed Combat
  2011 | D:4      | Reached XP level 5. HP: 5/40 MP: 5/5
  2478 | D:5      | Entered Level 5 of the Dungeon
  2507 | D:5      | Gained mutation: A weak demonic guardian rushes to your
                  | aid. [demonic ancestry]
  2507 | D:5      | Reached XP level 6. HP: 45/47 MP: 6/6
  2568 | D:5      | Found a runed translucent gate.
  2570 | D:5      | Found a runed translucent gate.
  2574 | D:5      | Found a runed translucent gate.
  2643 | D:5      | Noticed bimbombam's ghost (amateur OpSh)
  2676 | D:5      | Killed bimbombam's ghost
  2677 | D:5      | Reached skill level 5 in Unarmed Combat
  2677 | D:5      | Gained mutation: A meltable icy envelope protects you from
                  | harm. (AC +4) [demonic ancestry]
  2677 | D:5      | Reached XP level 7. HP: 29/53 MP: 7/7
  2949 | D:5      | Reached skill level 5 in Shapeshifting
  3798 | D:5      | Reached skill level 6 in Unarmed Combat
  3907 | D:5      | Reached XP level 8. HP: 61/61 MP: 8/8
  4238 | D:6      | Found a staircase to the Ecumenical Temple.
  4245 | Temple   | Entered the Ecumenical Temple
  4318 | Temple   | Became a worshipper of Uskayaw the Reveller
  4521 | D:6      | Reached * piety under Uskayaw
  4768 | D:6      | Reached ** piety under Uskayaw
  4770 | D:6      | Reached *** piety under Uskayaw
  4778 | D:6      | Reached **** piety under Uskayaw
  4784 | D:6      | Reached skill level 1 in Invocations
  4787 | D:6      | Reached ***** piety under Uskayaw
  4798 | D:6      | Reached ****** piety under Uskayaw
  5412 | D:7      | Identified the +11 falchion of Evisceration {vamp, rC+}
  5521 | D:7      | Reached skill level 7 in Unarmed Combat
  5669 | D:7      | Reached skill level 5 in Fighting
  5677 | D:7      | Reached XP level 9. HP: 53/70 MP: 11/11
  5792 | D:7      | Noticed a cyclops
  5822 | D:7      | Killed a cyclops
  6313 | D:8      | Noticed a hellwing
  6444 | D:8      | Found an iron altar of Okawaru.
  6462 | D:8      | Reached skill level 8 in Unarmed Combat
  6773 | D:8      | Reached skill level 5 in Invocations
  6792 | D:8      | HP: 3/71 [hellwing (1)]
  6792 | D:8      | HP: 1/71 [centaur warrior skeleton (2)]
  6793 | D:8      | Slain by a centaur warrior skeleton

Illustrated notes

Levels and vault maps discovered:
D:1:      wander_arrival_fairy_ring, layout_rooms
D:2:      layout_basic, nrook_campfire, serial_bayou_pond_c
D:3:      layout_rooms, trog_book, ebering_ecumenical_altar_box,
          gammafunk_ghost_abyssal_escape
D:4:      layout_basic, kennysheep_mini_moat
D:5:      minmay_octagon_keep, layout_rooms, gammafunk_ghost_icy
D:6:      layout_basic, minmay_temple_entry_junction,
          hangedman_decor_clover_reticule
D:7:      layout_basic, dreamdust_mushroom_princess
D:8:      cheibrodos_grave_circle, layout_cave_pools,
          minmay_overflow_temple_star_quad, mainiacjoe_overflow_small_starburst,
          st_stairs_5
Temple:   eino_temple_scatter_basement

Skill      XL: |  1  2  3  4  5  6  7  8  9 |
---------------+----------------------------+-----
Unarmed Combat | 3 4 5 6 7 8 |  8.3
Shapeshifting  | 3 4 5 6 7 |  7.7
Fighting       | 2 3 4 5 |  5.9
Invocations    | 3 5 |  5.0
Dodging        | |  1.7

Action                     |  1- 3 |  4- 6 |  7- 9 || total
---------------------------+-------+-------+-------++-------
  Melee: Unarmed           |   144 |   119 |   307 ||   570
         Punch             |     1 |     5 |    14 ||    20
  Throw: Javelin           |       |     4 |       ||     4
         Dart              |       |       |     6 ||     6
 Invoke: Stomp             |       |       |     1 ||     1
    Use: Scroll            |       |       |    13 ||    13
   Stab: Paralysed         |       |       |    10 ||    10
         Distracted        |       |       |     1 ||     1
 Armour: Animal skin       |    14 |       |       ||    14
         Ring mail         |    44 |    44 |       ||    88
         Chain mail        |       |    30 |   188 ||   218
         Plate armour      |       |       |    64 ||    64
  Dodge: Dodged            |    61 |    60 |    83 ||   204
  Block: Other             |    16 |    21 |    49 ||    86
